 Dungeon Crawl Stone Soup version 0.30-a0-924-g0ad0bf95bc (webtiles) character file.

Game seed: 9049591856018700862

21 GloriousHammer the Trooper (level 2, 0/33 HPs)
             Began as an Ogre Cinder Acolyte on Mar 22, 2023.
             Was a High Priest of Ignis.
             Succumbed to a goblin's poison
             ... on level 1 of the Dungeon.
             The game lasted 00:02:13 (603 turns).

GloriousHammer the Trooper (Ogre Cinder Acolyte)     Turns: 603, Time: 00:02:13

Health: 0/33       AC:  3    Str: 17    XL:     2   Next: 87%
Magic:  4/4        EV:  9    Int: 15    God:    Ignis [*****.]
Gold:   56         SH:  0    Dex:  4    Spells: 2/4 levels left

rFire   + . .      SeeInvis .    a - -1 mace (flame)
rCold   . . .      Faith    .    (no shield)
rNeg    . . .      Spirit   .    b - +0 robe
rPois   .          Reflect  .    (helmet restricted)
rElec   .          Rampage  .    (no cloak)
rCorr   .                        (gloves unavailable)
Will    .....                    (boots unavailable)
Stlth   +                        (no amulet)
HPRegen 0.25/turn                (no ring)
MPRegen 0.09/turn                (no ring)

@: lethally poisoned (0 -> -3)
A: large, unfitting armour, tough skin 1
a: Renounce Religion, Fiery Armour, Foxfire Swarm, Rising Flame


You were on level 1 of the Dungeon.
You worshipped Ignis.
Ignis was extremely pleased with you.
You visited 1 branch of the dungeon, and saw 1 of its levels.

You collected 76 gold pieces.
You spent 20 gold pieces at shops.

Inventory:

Hand Weapons
 a - a -1 mace of flaming (weapon)
Missiles
 d - 20 stones (quivered)
Armour
 b - a +0 robe (worn)
Jewellery
 C - a ring of ice
Scrolls
 c - a scroll of fear
 e - a scroll of immolation {unknown}
 f - a scroll of fog {unknown}
 g - a scroll of enchant armour {unknown}


   Skills:
 + Level 4.3 Fighting
 + Level 3.0 Maces & Flails
 + Level 1.8 Spellcasting
 + Level 2.9 Fire Magic


You had 2 spell levels left.
You knew the following spells:

 Your Spells              Type           Power      Damage    Failure   Level
a - Scorch                Fire           20%        2d6       10%         2

Your spell library contained the following spells:

 Spells                   Type           Power      Damage    Failure   Level


Dungeon Overview and Level Annotations

Branches:
Dungeon (1/15)

Altars:

Shops:
D:1 ?


Innate Abilities, Weirdness & Mutations

You are too large for most types of armour.
You have tough skin. (AC +1)


Message History

You kill the quokka!
The bat hits you but does no damage. x2
The bat hits you but does no damage.
You hit the bat. You burn the bat.
You kill the bat!
The rat bites you but does no damage.
You barely miss the rat. The rat bites you.
You barely miss the rat. The rat barely misses you.
You closely miss the rat. The rat closely misses you.
You hit the rat. You burn the rat.
You kill the rat!
You see here a rat corpse.
Memorise Scorch, consuming 2 spell levels and leaving 2?
HP restored.
You start memorising the spell.
You continue memorising. x2
You finish memorising.
Spell assigned to 'a'.
A bat and a goblin come into view.
Found 16 gold pieces.
The goblin shouts!
There are monsters nearby!
Casting: Scorch (safe; 11% risk of failure)
Confirm with . or Enter, or press ? or * to list all spells.
Flames lash the bat.
You kill the bat!
Casting: Scorch (safe; 11% risk of failure)
Confirm with . or Enter, or press ? or * to list all spells.
Flames lash the goblin.
You kill the goblin!
h - a murky purple potion You see here a +0 club.
You now have 48 gold pieces (gained 16).
d - 15 stones (gained 4)
Found a rapier.
A kobold comes into view. It is wielding a +0 dagger.
The kobold shouts!
The kobold throws a stone.
The stone closely misses you.
A rat comes into view.
Casting: Scorch (safe; 11% risk of failure)
Confirm with . or Enter, or press ? or * to list all spells.
You miscast Scorch.
You are very lightly contaminated with residual magic.
Nothing appears to happen.
The kobold barely misses you.
Casting: Scorch (safe; 11% risk of failure)
Confirm with . or Enter, or press ? or * to list all spells.
Flames lash the rat.
You kill the rat!
The kobold barely misses you.
Casting: Scorch (safe; 11% risk of failure)
Confirm with . or Enter, or press ? or * to list all spells.
You don't have enough magic to cast this spell.
You closely miss the kobold. The kobold barely misses you.
You hit the kobold. You burn the kobold.
You kill the kobold!
d - 20 stones (gained 5)
Things that are here:
a +0 dagger; a kobold corpse Your magical contamination has completely faded away.
You now have 56 gold pieces (gained 8).
You see here a rat corpse.
A goblin comes into view. It is wielding a +1 dagger of venom.
The goblin shouts!
A goblin is nearby!
Casting: Scorch (safe; 11% risk of failure)
Confirm with . or Enter, or press ? or * to list all spells.
Flames lash the goblin.
The goblin is severely wounded.
The goblin's fire resistance burns away.
You closely miss the goblin.
The goblin is severely wounded.
The goblin hits you with a +1 dagger of venom.
You are poisoned.
The goblin hits you with a +1 dagger of venom.
You are more poisoned.
You barely miss the goblin.
The goblin is severely wounded.
You feel very sick.
The goblin is no longer more vulnerable to fire.
The goblin hits you with a +1 dagger of venom.
You are lethally poisoned!
Casting: Scorch (safe; 11% risk of failure)
Confirm with . or Enter, or press ? or * to list all spells.
Flames lash the goblin.
You kill the goblin!
You feel very sick.
Your Maces & Flails skill increases to level 3!
It was a potion of magic.
Magic courses through your body.
You feel very sick.
Okay, then.
You feel very sick.
* * * LOW HITPOINT WARNING * * *
You feel very sick.
* * * LOW HITPOINT WARNING * * *
You feel sick.
* * * LOW HITPOINT WARNING * * *
You feel sick.
* * * LOW HITPOINT WARNING * * *
You feel sick.
* * * LOW HITPOINT WARNING * * *
You feel sick.
You die...

#.# #...# #..
#.#######...# #..
#)##....†)..# #..
#.##........# #>.
#.##........# #..
#.##......#########..
#.##....>............
#.##.................
#...@...........###..
####....#.†####.# #..
#...###†..##.# #..
###....#....##.# ###
#...#..)....##.#####
#..###......##...)..
#..)#..#############
#.....## #.....#


There were no monsters in sight!

Vanquished Creatures
  A dart slug (D:1)
  An endoplasm (D:1)
  A giant cockroach (D:1)
  2 goblins (D:1)
  3 kobolds (D:1)
  2 quokkas (D:1)
  2 ball pythons (D:1)
  2 bats (D:1)
  5 rats (D:1)
19 creatures vanquished.

Notes
Turn   | Place    | Note
-------+----------+-------------------------------------------
     0 | D:1      | GloriousHammer the Ogre Cinder Acolyte began the quest for
                  | the Orb.
     0 | D:1      | Reached XP level 1. HP: 24/24 MP: 2/2
   173 | D:1      | Found Geteodd's Magic Scroll Shoppe.
   352 | D:1      | Bought a scroll of identify for 20 gold pieces
   379 | D:1      | Reached XP level 2. HP: 32/32 MP: 2/4
   464 | D:1      | Learned a level 2 spell: Scorch
   602 | D:1      | HP: 1/33 [poisoned by a goblin]
   603 | D:1      | Succumbed to a goblin's poison

Illustrated notes

Levels and vault maps discovered:
D:1:      enne_arrival_octagon_isle, layout_basic, serial_shops, shop,
          minmay_pentomino_x2

Skill      XL: |  1  2 |
---------------+-------+-----
Maces & Flails | 3 |  3.0
Fighting       | |  4.3
Spellcasting   | |  1.8
Fire Magic     | |  2.9

Action                     || total
---------------------------++-------
  Melee: Mace              ||    40
   Cast: Scorch            ||     5
    Use: Scroll            ||     1
         Potion            ||     1
 Armour: Robe              ||    19
  Dodge: Dodged            ||    25

Table legend: (Time is in decaauts)
 A = Elapsed time spent in this place.
 B = Non-inter-level travel time spent in this place.
 C = Inter-level travel time spent in this place.
 D = Time resting spent in this place.
 E = Time spent auto-exploring this place.
 F = Levels seen in this place.
 G = Mean time per level.
                   A        B        C        D        E       F      G
               +--------+--------+--------+--------+--------+-----+--------+
         Total |    613 |    613 |      0 |    125 |    341 |   1 |  613.0 |
       Dungeon |    613 |    613 |      0 |    125 |    341 |   1 |  613.0 |
               +--------+--------+--------+--------+--------+-----+--------+

Top non-repeatable levels by time:
     D:1: 613 daAuts
